cohdb
Replays
Latest Replays
All Replays
Popular Replays
Top Player Replays
Match Explorer
How It Works
Community
CoH3 Stats
Reddit
Sign in to upload your games and track your stats! →
Sign in with Steam
Match 29764202
Unlisted
Match 29764202
Overview
Messages
Build Orders
End
Kradschützen Motorcycle Team
Panzerpioneer Squad
250 Light Carrier
Construct Light Support Kompanie
MG34 Team
Combat Half-tracks
Selects Italian Infantry
MG34 Team
Fire Support Elements
Flakvierling Half-track
2.5-tonne Medical Truck
Selects Guastatori Squad
Guastatori Squad
Selects Registered Artillery
Construct Panzerarmee Kommand
Registered Artillery
Pak 38 Anti-tank Gun Team
Armored Reserves
Selects Defensive Operations
Vehicle Survival Package
Rapid Advance
Panzer IV Assault Group
rocketpossum
Olg
C.C.C.P
Teru
0
0
Comments
sign in to comment!
No comments posted yet!